 Dungeon Crawl Stone Soup version 0.31-a0-1338-gb567cfdca4 (webtiles) character file.

Game seed: 11773625181327641895

5928 LeprechaunX the Mimic (level 10, -5/72 HPs)
             Began as an Octopode Shapeshifter on Dec 22, 2023.
             Was a Follower of Ashenzari.
             Slain by an efreet
             ... wielding a +4 scimitar of flaming
              (9 damage)
             ... on level 9 of the Dungeon.
             The game lasted 00:19:51 (10085 turns).

LeprechaunX the Mimic (Octopode Shapeshifter)      Turns: 10085, Time: 00:19:51

Health: -5/72      AC:  1    Str: 15    XL:     10   Next: 83%
Magic:  14/14      EV: 14    Int: 14    God:    Ashenzari [*.....]
Gold:   605        SH:  0    Dex: 21    Spells: 15/15 levels left

rFire   . .          .
                       - Unarmed
rCold   + . .        (shield currently unavailable)
rNeg    . . .        o - +0 hat of the Butcher {-Cast rElec Will+ Dex+8}
rPois   .            z - amulet of regeneration
rElec   +            m - ring of the Bound Seeker {rC+, Fort, Self} (curse)
rCorr   +            n - ring "Oracular Omen" {rCorr, Dev, Elem} (curse)
SInv    .            F - ring of wizardry
Will    +....        (no ring)
Stlth   +++          (no ring)
HPRegen 1.12/turn    (no ring)
MPRegen 0.14/turn    (no ring)
                     (no ring)

%: no spellcasting, wizardry (x1)
@: blade tentacles
A: almost no armour, amphibious, 8 rings, camouflage 1, gelatinous body 1,
(nimble swimmer 1), tentacles
a: Begin Untransformation, Renounce Religion, Curse Item, Shatter the Chains


You were on level 9 of the Dungeon.
You worshipped Ashenzari.
Ashenzari was aware of your devotion.
You had blades for main tentacles.
You visited 2 branches of the dungeon, and saw 10 of its levels.
You also visited: Sewer.

You collected 605 gold pieces.

Inventory:

Hand Weapons
 a - a +0 sling
Missiles
 G - 4 silver javelins
Armour
 o - the +0 hat of the Butcher (worn) {-Cast rElec Will+ Dex+8}
   (You acquired it on level 5 of the Dungeon)

   Dex+8:     It affects your dexterity (+8).
   rElec:     It insulates you from electricity.
   Will+:     It increases your willpower.
   -Cast:     It prevents spellcasting.
 I - a +0 kite shield
Jewellery
 m - the cursed ring of the Bound Seeker (left blade tentacle) {rC+, Fort, Self}
   (You found it on level 1 of the Dungeon)

   [ring of protection from cold]

   rC+:       It protects you from cold.
   It has a curse which improves the following skills: Fortitude: Shields.
   Introspection: Fighting and Spellcasting.
 n - the cursed ring "Oracular Omen" (right blade tentacle) {rCorr, Dev, Elem}
   (You found it on level 2 of the Dungeon)

   [ring of resist corrosion]

   rCorr:     It protects you from acid and corrosion.
   It has a curse which improves the following skills: Devices: Evocations and
   Shapeshifting.
   Elements:  Fire Magic, Ice Magic, Air Magic and Earth Magic.
 z - an amulet of regeneration (around mantle)
 F - a ring of wizardry (on tentacle)
Talismans
 b - a beast talisman
 c - a flux talisman
 j - a blade talisman (active)
Wands
 D - a wand of charming (8) (quivered)
Scrolls
 d - 2 scrolls of vulnerability
 e - 9 scrolls of identify
 f - 2 scrolls of blinking
 g - 2 scrolls of immolation
 h - a scroll of summoning
 i - 2 scrolls of silence
 k - a scroll of poison
 l - 3 scrolls of fear
 q - 3 scrolls of revelation
 v - 4 scrolls of enchant weapon
 w - 9 scrolls of teleportation
 x - 6 scrolls of enchant armour
 y - 3 scrolls of fog
 A - 4 scrolls of noise
 H - a scroll of torment
Potions
 p - a potion of degeneration
 r - 2 potions of magic
 s - 2 potions of resistance
 t - 3 potions of ambrosia
 B - 3 potions of attraction
 C - 2 potions of might
 E - a potion of haste


   Skills:
 + Level 7.3(8.1) Fighting
 - Level 2.0 Dodging
 + Level 7.8 Unarmed Combat
 - Level 2.3(3.0) Spellcasting
 + Level 6.5(7.3) Evocations
 * Level 9.9(10.7) Shapeshifting


You had 15 spell levels left.
You didn't know any spells.
Your spell library contained the following spells:

 Spells                   Type           Power      Damage    Failure   Level
 Jinxbite                 Hex            4%         N/A       13%         2
 Dazzling Flash           Conj/Hex       4%         N/A       26%         3
 Gell's Gravitas          Tloc           2%         N/A       26%         3
 Mephitic Cloud           Conj/Alch/Air  2%         N/A       26%         3
 Teleport Other           Tloc           2%         N/A       26%         3
 Volatile Blastmotes      Fire/Tloc      4%         2d10      26%         3
 Animate Dead             Necr           2%         N/A       61%         4
 Fulminant Prism          Conj/Alch      1%         3d5       61%         4
 Iskenderun's Mystic Bla  Conj/Tloc      2%         2d3       61%         4
 Agony                    Necr           2%         N/A       90%         5
 Silence                  Hex/Air        1%         N/A       90%         5
 Yara's Violent Unravell  Hex/Alch       1%         3d3       90%         5
 Dispersal                Tloc           1%         N/A       100%        6
 Enfeeble                 Hex            1%         N/A       100%        7
 Haunt                    Necr/Summ      1%         N/A       100%        7
 Infestation              Necr           1%         N/A       100%        8


Dungeon Overview and Level Annotations

Branches:
Dungeon (9/15)             Temple (1/1) D:6             Orc (0/2) D:9
  Sewer (visited)
   Lair: D:8-11

Altars:
Ashenzari
Cheibriados
Dithmenos
Fedhas
Gozag
Hepliaklqana
Kikubaaqudgha
Makhleb
Nemelex Xobeh
Okawaru
Qazlal
Ru
Sif Muna
Trog
Uskayaw
Vehumet
Wu Jian
Xom
Yredelemnul
The Shining One

Shops:
D:6 [


Innate Abilities, Weirdness & Mutations

You have blades for main tentacles.
You are incapable of wielding weapons or throwing items.
You cannot wear most types of armour.
You are amphibious.
You can wear up to eight rings at the same time.
Your skin changes colour to match your surroundings (Stealth+).
Your rubbery body absorbs attacks. (AC +1, EV +1)
((You are camouflaged when in or above water. (Stealth+)))
You have tentacles for arms and can constrict up to eight enemies at once.


Message History

An efreet comes into view.
It is wielding a +4 scimitar of flaming.
You see here a wyvern corpse.
Unknown command.
You start resting.
An efreet is nearby!
A steam dragon comes into view.
The steam dragon hisses angrily.
You hear an angry buzzing noise.
The steam dragon breathes steam at you.
The ball of steam hits the efreet.
The efreet resists.
The ball of steam misses you.
You hear two shouts!
Okay, then.
Unknown command.
The efreet gestures at you. The bolt of fire hits you!
An efreet is nearby!
You slash the efreet!
You squeeze the efreet, but do no damage.
The efreet is moderately wounded.
The efreet closely misses you.
You slash the efreet!
The efreet is almost dead.
The efreet hits you with a +4 scimitar of flaming!!
The efreet burns you!
You barely miss the efreet.
You squeeze the efreet, but do no damage.
The efreet is almost dead.
The steam dragon is engulfed in blazing flames.
The efreet gestures at you. The bolt of fire hits you!
Unknown command.
You hit the efreet but do no damage.
The efreet is almost dead.
The steam dragon is engulfed in blazing flames.
The steam dragon dies!
The +0 steam dragon scales are intact enough to wear.
The efreet hits you with a +4 scimitar of flaming!!
* * * LOW HITPOINT WARNING * * *
The efreet burns you!
You die...

#.#..### #.
###..## #. ##..##
### # ###..#####
..# ##k
#.##..##.###.#
p#.
#..##..#..)..# l.
##..##†|.###.# O.
###....###...#
##.
#@#..###...###
#..###R†###...###
#.#§°###...###
#☼.##....####
#..###........#
#.D## #....####.#
#..# ....### #.#
(# ..#### #.#
.....# #.#


You could see an efreet.

Vanquished Creatures
  A centaur warrior (D:9)
  An arcanist (D:9)
  A wyvern (D:9)
  A basilisk (D:9)
  2 wraiths (D:9)
  5 yaks
  A steam dragon (D:9)
  Menkaure (D:7)
  4 water moccasins
  Pargi (Sewer)
  2 ice beasts
  2 ogres
  A centaur (D:9)
  A phantom (D:5)
  2 kobold brigands
  A brain worm (Sewer)
  2 bullfrogs (D:8)
  A gnoll sergeant (D:7)
  6 scorpions
  A wight (D:9)
  8 killer bees
  2 howler monkeys
  4 hounds
  4 jellies
  2 gnoll boudas (D:8)
  An orc priest (D:5)
  4 iguanas
  2 orc wizards
  17 gnolls
  10 adders
  2 river rats (D:4)
  2 shadow imps
  5 white imps
  3 bombardier beetles
  12 worms
  7 dart slugs
  14 orcs
  5 endoplasms
  2 giant cockroaches
  8 goblins
  6 hobgoblins
  3 jackals (D:5)
  3 quokkas
  10 ball pythons
  5 bats
  10 frilled lizards
  18 kobolds
  7 rats
213 creatures vanquished.

Vanquished Creatures (others)
  An unseen horror (D:9)
  A steam dragon (D:9)
2 creatures vanquished.

Grand Total: 215 creatures vanquished

Notes
Turn   | Place    | Note
-------+----------+-------------------------------------------
     0 | D:1      | LeprechaunX the Octopode Shapeshifter began the quest for
                  | the Orb.
     0 | D:1      | Reached XP level 1. HP: 13/13 MP: 1/1
   284 | D:1      | Reached XP level 2. HP: 18/18 MP: 2/2
   839 | D:1      | Reached XP level 3. HP: 23/23 MP: 3/3
  1293 | D:2      | Reached XP level 4. HP: 27/29 MP: 4/4
  1509 | D:2      | Reached skill level 4 in Shapeshifting
  2305 | D:3      | Reached XP level 5. HP: 35/35 MP: 5/5
  2509 | D:4      | Noticed an ogre
  2520 | D:4      | Killed an ogre
  2560 | D:4      | Found a broken altar of Ashenzari.
  2604 | D:4      | Became a worshipper of Ashenzari the Shackled
  2747 | D:4      | Reached XP level 6. HP: 41/41 MP: 6/6
  2771 | D:4      | Found a glowing drain.
  2775 | Sewer    | Entered a sewer
  2887 | Sewer    | Noticed Pargi
  2907 | Sewer    | Reached skill level 5 in Shapeshifting
  3056 | Sewer    | Killed Pargi
  3201 | D:4      | Reached XP level 7. HP: 46/46 MP: 7/7
  3522 | D:4      | Found a stormy altar of Qazlal.
  3562 | D:4      | Found a shadowy altar of Dithmenos.
  4044 | D:5      | Entered Level 5 of the Dungeon
  4193 | D:5      | Reached skill level 6 in Shapeshifting
  4209 | D:5      | Reached skill level 1 in Evocations
  4352 | D:5      | Reached skill level 5 in Unarmed Combat
  4529 | D:5      | Reached skill level 1 in Spellcasting
  4541 | D:5      | HP: 1/73 [phantom (4)]
  4549 | D:5      | Reached XP level 8. HP: 20/54 MP: 8/10
  5075 | D:5      | Reached * piety under Ashenzari
  5075 | D:5      | Identified a scroll of acquirement
  5076 | D:5      | Acquired the +0 hat of the Butcher {-Cast rElec Will+
                  | Dex+8}
  6004 | D:6      | Found a staircase to the Ecumenical Temple.
  6282 | D:6      | Reached skill level 7 in Shapeshifting
  6322 | Temple   | Entered the Ecumenical Temple
  6679 | D:6      | Found Laax's Armour Shop.
  6830 | D:7      | Reached skill level 5 in Fighting
  7154 | D:7      | Reached XP level 9. HP: 27/62 MP: 13/13
  7564 | D:7      | Found an opulent altar of Gozag.
  7567 | D:7      | Found a bloodstained altar of Trog.
  7875 | D:7      | Noticed Menkaure
  7883 | D:7      | Killed Menkaure
  8346 | D:8      | Reached skill level 8 in Shapeshifting
  8476 | D:8      | Found an ancient bone altar of Kikubaaqudgha.
  8692 | D:8      | HP: 1/63 [gnoll/+0 halberd[a gnoll bouda] (17)]
  9052 | D:8      | Reached skill level 5 in Evocations
  9054 | D:8      | Reached XP level 10. HP: 52/71 MP: 14/14
  9469 | D:9      | Reached skill level 9 in Shapeshifting
  9603 | D:9      | Identified the +2 lajatang "Coowov" {holy, Int+5}
  9751 | D:9      | Found a staircase to the Orcish Mines.
  9855 | D:9      | Killed an unseen horror
  9936 | D:9      | Noticed an arcanist
  9936 | D:9      | Noticed a two-headed ogre
 10001 | D:9      | Noticed a centaur warrior
 10014 | D:9      | Killed an arcanist
 10018 | D:9      | Killed a centaur warrior
 10085 | D:9      | Slain by an efreet

Illustrated notes

Levels and vault maps discovered:
D:1:      kilobyte_arrival_exit_the_forest, layout_basic,
          minmay_misc_feat_hallway
D:2:      layout_loops_cross
D:3:      layout_loops_ring, serial_park_tiny_1, kennysheep_minor_cross,
          minmay_stone_trees_small, nicolae_wormholes
D:4:      nicolae_cairo_tiling_large_dashed, layout_gridville,
          nicolae_ashenzari_panopticon, grunt_dithmenos_smoke,
          nicolae_overflow_hidden_temple, lightli_sewer_entry_pipes
D:5:      layout_layer_cave, minmay_misc_feat_secret_circle,
          serial_library_hellmonk_h_bend
D:6:      layout_basic, minmay_temple_entry_large_hall, serial_shops, shop,
          corexii_item_surrounded_by_moat, minmay_diced_spiral
D:7:      layout_basic, minitemple, uniq_menkaure
D:8:      layout_cave_pools, nicolae_overflow_crystal_walls,
          dreamdust_princess_corridor
D:9:      minmay_the_grid_triangle_9x9_recursive_2
          [minmay_the_grid_triangle_9x9_prize_schism,
          minmay_the_grid_triangle_9x9_sparse_checkered,
          minmay_the_grid_triangle_9x9_thin_v,
          minmay_the_grid_triangle_9x9_semitri], layout_loops_ring, orc_0_dummy,
          minmay_holes, nicolae_zig_zag_zippers
Temple:   eino_temple_lava

Skill      XL: |  1  2  3  4  5  6  7  8  9 10 |
---------------+-------------------------------+-----
Fighting       | 2 3 4 5 6 7 |  7.3
Shapeshifting  | 4 5 6 7 8 9 |  9.9
Unarmed Combat | 4 5 6 7 |  7.8
Evocations     | 1 3 5 6 |  6.5
Spellcasting   | 1 2 |  2.3
Dodging        | |  2.0

Action                     |  1- 3 |  4- 6 |  7- 9 | 10-12 || total
---------------------------+-------+-------+-------+-------++-------
  Melee: Unarmed           |    62 |    88 |   273 |    74 ||   497
         Constrict         |    16 |    30 |    62 |     9 ||   117
         Tentacles         |    12 |    23 |    52 |    16 ||   103
         Punch             |       |     2 |    15 |     4 ||    21
   Fire: Sling             |       |    62 |    40 |       ||   102
 Invoke: Curse Item        |       |       |     2 |       ||     2
  Evoke: Wand              |       |       |     1 |       ||     1
    Use: Potion            |       |       |     6 |     1 ||     7
         Scroll            |       |       |     1 |       ||     1
   Stab: Sleeping          |    10 |     9 |     4 |     2 ||    25
         Distracted        |       |     1 |       |       ||     1
 Armour: Skin              |    23 |    28 |   149 |    67 ||   267
  Dodge: Dodged            |    22 |    48 |   135 |    39 ||   244
   Form: Blade             |       |       |     1 |       ||     1

Table legend: (Time is in decaauts)
 A = Elapsed time spent in this place.
 B = Non-inter-level travel time spent in this place.
 C = Inter-level travel time spent in this place.
 D = Time resting spent in this place.
 E = Time spent auto-exploring this place.
 F = Levels seen in this place.
 G = Mean time per level.
                   A        B        C        D        E       F      G
               +--------+--------+--------+--------+--------+-----+--------+
         Total |  10072 |   9545 |    527 |   1837 |   5841 |  11 |  915.6 |
       Dungeon |   9536 |   9009 |    527 |   1602 |   5734 |   9 | 1059.6 |
        Temple |    132 |    132 |      0 |    129 |      0 |   1 |  132.0 |
         Sewer |    403 |    403 |      0 |    106 |    107 |   1 |  403.0 |
               +--------+--------+--------+--------+--------+-----+--------+

Top non-repeatable levels by time:
     D:5: 1859 daAuts
     D:7: 1480 daAuts
     D:8: 1157 daAuts
     D:4: 1146 daAuts
     D:1: 1058 daAuts
     D:2: 774 daAuts
     D:6: 732 daAuts
     D:3: 668 daAuts
     D:9: 659 daAuts
   Sewer: 403 daAuts
  Temple: 132 daAuts
